 Dungeon Crawl Stone Soup version 0.30-a0-711-gf4ac18a38d (webtiles) character file.

Game seed: 18060074958472537171

106 bande the Covered (level 4, -2/29 HPs)
             Began as a Gargoyle Fighter on Jan 23, 2023.
             Slain by a river rat (7 damage)
             ... on level 3 of the Dungeon.
             The game lasted 00:02:40 (1687 turns).

bande the Covered (Gargoyle Fighter)                Turns: 1687, Time: 00:02:41

Health: -2/29      AC: 10    Str: 19    XL:     4   Next: 84%
Magic:  4/4        EV:  9    Int:  9    God:
Gold:   93         SH:  5    Dex: 11    Spells: 3/3 levels left

rFire   + . .      SeeInvis .    a - +0 war axe
rCold   + . .      Faith    .    c - +1 buckler
rNeg    + . .      Spirit   .    b - +0 scale mail
rPois   ∞          Reflect  .    (no helmet)
rElec   +          Harm     .    (no cloak)
rCorr   .          Rampage  .    (no gloves)
Will    .....                    (no boots) Stlth
                                 (no amulet)
HPRegen 0.24/turn                g - ring of protection from cold
MPRegen 0.09/turn                m - ring of protection from fire

@: very slow
A: sickness immunity, AC +3, negative energy resistance 1, electricity
resistance, torment resistance 1, petrification resistance
a: no special abilities


You were on level 3 of the Dungeon.
You visited 1 branch of the dungeon, and saw 3 of its levels.

You collected 93 gold pieces.

Inventory:

Hand Weapons
 a - a +0 war axe (weapon)
 n - a +0 flail
Armour
 b - a +0 scale mail (worn)
 c - a +1 buckler (worn)
Jewellery
 g - a ring of protection from cold (left hand)
 i - a ring of see invisible
 m - a ring of protection from fire (right hand)
 o - an amulet of faith
Wands
 p - a wand of iceblast (8)
Potions
 d - 2 potions of might
 e - a potion of magic
 f - a potion of curing
 h - a potion of flight {unknown}
 k - a potion of invisibility


   Skills:
 + Level 4.0 Fighting
 + Level 2.9 Axes
 + Level 4.1 Armour
 + Level 3.8 Shields
 * Level 0.4 Evocations


You had 3 spell levels left.
You didn't know any spells.
Your spell library contained the following spells:

 Spells                   Type           Power      Damage    Failure   Level
 Blink                    Tloc           0%         N/A       93%         2
 Lesser Beckoning         Tloc           0%         N/A       93%         2
 Momentum Strike          Conj/Tloc      0%         3d8       93%         2


Dungeon Overview and Level Annotations

Branches:
Dungeon (3/15)

Altars:


Innate Abilities, Weirdness & Mutations

You are immune to sickness and miasma.
Your stone body is resilient. (AC +3)
You are immune to poison.
You resist negative energy. (rN+)
You are resistant to electric shocks. (rElec)
You are resistant to unholy torment.
You are immune to petrification.


Message History

The adder misses you. The adder bites you but does no damage.
Your unstable footing causes you to fumble your attack.
The adder bites you but does no damage. The adder completely misses you.
You slash the adder!
You kill the adder!
A river rat comes into view.
Your unstable footing causes you to fumble your attack.
The river rat barely misses you.
You hit the river rat but do no damage. The river rat bites you.
The river rat closely misses you.
Your unstable footing causes you to fumble your attack.
Your unstable footing causes you to fumble your attack.
The river rat bites you but does no damage.
The river rat closely misses you. The river rat bites you.
The river rat barely misses you.
You closely miss the river rat. x2
The river rat bites you but does no damage.
You block the river rat's attack.
Your unstable footing causes you to fumble your attack.
You block the river rat's attack.
The river rat bites you but does no damage.
You closely miss the river rat. You barely miss the river rat.
The river rat bites you but does no damage.
The river rat barely misses you. The river rat bites you.
The river rat closely misses you.
You hit the river rat.
The river rat is heavily wounded.
You barely miss the river rat. The river rat bites you.
The river rat bites you but does no damage.
You closely miss the river rat.
The river rat is heavily wounded.
You barely miss the river rat. The river rat barely misses you.
The river rat misses you.
Your unstable footing causes you to fumble your attack.
You block the river rat's attack.
The river rat bites you but does no damage.
The river rat bites you.
* * * LOW HITPOINT WARNING * * *
The river rat bites you!
You die...

......~~##
#######.#......
.##..~~~#
#>#######
#...#~### #.#
#..~~~#~~ #.#
#.#..~#~#~##
#.# #...~~~~#~~
#.# ##...~#~#~#
#.# #...~#~#r#
#.# #... #~r@#
#... ##### #).
###


You could see 2 river rats.

Vanquished Creatures
  6 adders
  A river rat (D:3)
  A worm (D:3)
  A dart slug (D:2)
  2 ball pythons
  3 bats
  4 endoplasms
  A giant cockroach (D:1)
  4 goblins
  3 hobgoblins
  2 quokkas
  3 frilled lizards (D:1)
  5 kobolds
  7 rats
43 creatures vanquished.

Notes
Turn   | Place    | Note
-------+----------+-------------------------------------------
     0 | D:1      | bande the Gargoyle Fighter began the quest for the Orb.
     0 | D:1      | Reached XP level 1. HP: 14/14 MP: 1/1
   182 | D:1      | Reached XP level 2. HP: 19/19 MP: 2/2
   847 | D:1      | Reached XP level 3. HP: 22/24 MP: 3/3
  1079 | D:2      | Reached XP level 4. HP: 28/29 MP: 4/4
  1234 | D:2      | Found a faded altar of an unknown god.
  1687 | D:3      | Slain by a river rat

Illustrated notes

Levels and vault maps discovered:
D:1:      psy_arrival_statuary, layout_loops_ring
D:2:      layout_rooms, hellmonk_ecumenical_altar_zigzags
D:3:      minmay_bubble_buster, layout_basic, lightli_sewer_entry_pipes,
          minmay_fractal_squares_gapless_5

Skill      XL: |  1  2  3  4 |
---------------+-------------+-----
Axes           | 2 |  2.9
Fighting       | 4 |  4.0
Armour         | 4 |  4.1
Shields        | |  3.8
Evocations     | |  0.4

Action                     |  1- 3 |  4- 6 || total
---------------------------+-------+-------++-------
  Melee: War axe           |   132 |    59 ||   191
    Use: Scroll            |       |     5 ||     5
 Armour: Scale mail        |   102 |    30 ||   132
  Dodge: Dodged            |    80 |    36 ||   116
  Block: Buckler           |    28 |    12 ||    40

Table legend: (Time is in decaauts)
 A = Elapsed time spent in this place.
 B = Non-inter-level travel time spent in this place.
 C = Inter-level travel time spent in this place.
 D = Time resting spent in this place.
 E = Time spent auto-exploring this place.
 F = Levels seen in this place.
 G = Mean time per level.
                   A        B        C        D        E       F      G
               +--------+--------+--------+--------+--------+-----+--------+
         Total |   1772 |   1710 |     62 |    142 |   1109 |   3 |  590.7 |
       Dungeon |   1772 |   1710 |     62 |    142 |   1109 |   3 |  590.7 |
               +--------+--------+--------+--------+--------+-----+--------+

Top non-repeatable levels by time:
     D:1: 932 daAuts
     D:2: 605 daAuts
     D:3: 234 daAuts
